 Dungeon Crawl Stone Soup version 0.26-a0-259-g1effd001a9 (webtiles) character file.

Game seed: 4306746584194263016

1052 wvc the Basher (level 8, 0/69 HPs)
             Began as a Naga Hedge Wizard on July 11, 2020.
             Slain by a wight
             ... wielding a cursed +4 great sword of freezing
              (13 damage)
             ... in the Ecumenical Temple.
             The game lasted 00:18:04 (7492 turns).

wvc the Basher (Naga Hedge Wizard)                  Turns: 7492, Time: 00:18:05

Health: 0/69       AC:  8    Str: 12    XL:     8   Next: 26%
Magic:  12/12      EV:  9    Int: 16    God:
Gold:   207        SH:  4    Dex: 12    Spells: 10/13 levels left

rFire    + . .     SeeInvis +   v - +1 mace
rCold    . . .     Faith    .   o - +0 buckler
rNeg     . . .     Spirit   .   B - +2 leather armour {rF+}
rPois    +         Reflect  .   q - +1 helmet
rElec    .         Harm     .   (no cloak)
rCorr    +                      (no gloves)
MR       +....                  (no barding)
Stlth    ++........             j - amulet of the acrobat
HPRegen  0.21/turn              c - ring of resist corrosion
MPRegen  0.13/turn              (no ring)

@: very slow
A: large, see invisible, deformed body, poison resistance, slowness 2, slow
metabolism 1, spit poison 1, AC +2
a: Spit Poison


You were in the Ecumenical Temple.
You were not hungry.

You visited 2 branches of the dungeon, and saw 7 of its levels.

You collected 207 gold pieces.

Inventory:

Hand Weapons
 g - a +0 quarterstaff
 u - a +3 whip
 v - a +1 mace (weapon)
 y - a +0 flail
 z - a +1 hand axe of freezing
Armour
 o - a +0 buckler (worn)
 q - a +1 helmet (worn)
 B - a +2 leather armour of fire resistance (worn)
Jewellery
 c - a ring of resist corrosion (left hand)
 j - an amulet of the acrobat (around neck)
 l - an uncursed amulet of regeneration
 C - an uncursed amulet of guardian spirit {unknown}
Scrolls
 a - a scroll of magic mapping
 h - 3 scrolls of amnesia
 i - a scroll of immolation
 r - 4 scrolls of remove curse
 w - a scroll of enchant weapon
 x - a scroll of fear
Potions
 b - a potion of resistance
 e - 3 potions of curing
 k - 3 potions of stabbing
 m - a potion of berserk rage {unknown}
 p - a potion of lignification
 s - 2 potions of cancellation
 t - a potion of flight
Comestibles
 f - 15 rations


   Skills:
 - Level 3.0 Fighting
 * Level 8.0 Maces & Flails
 - Level 1.9 Dodging
 - Level 3.0 Stealth
 - Level 2.4 Shields
 - Level 3.0 Spellcasting
 - Level 1.0 Conjurations
   Level 1.0 Summonings
 - Level 1.0 Translocations


You had 10 spell levels left.
You knew the following spells:

 Your Spells              Type           Power        Failure   Level
a - Magic Dart            Conj           #...         16%         1
b - Blink                 Tloc           N/A          24%         2

Your spell library contained the following spells:

 Spells                   Type           Power        Failure   Level
 Summon Small Mammal      Summ           #...         16%         1
 Call Imp                 Summ           #.......     24%         2
 Slow                     Hex            #.......     34%         2
 Call Canine Familiar     Summ           #.......     43%         3
 Conjure Flame            Conj/Fire      #.......     50%         3
 Summon Guardian Golem    Hex/Summ       #.......     50%         3
 Mephitic Cloud           Conj/Pois/Air  #.......     52%         3
 Summon Ice Beast         Ice/Summ       #.......     88%         4
 Summon Lightning Spire   Summ/Air       #.......     88%         4


Dungeon Overview and Level Annotations

Branches:
Dungeon (6/15)             Temple (1/1) D:6

Altars:
Fedhas
Hepliaklqana
Okawaru
Uskayaw

Shops:
D:4 ?


Innate Abilities, Weirdness & Mutations

You cannot wear boots.
Your serpentine skin is tough. (AC +2)
You have supernaturally acute eyesight. (SInv)
Armour fits poorly on your strangely shaped body.
Your system is resistant to poisons. (rPois)
You cover ground very slowly.
You have a slow metabolism.
You can spit poison.


Message History

* * * LOW HITPOINT WARNING * * *
Found an iron altar of Okawaru.
You see here an arrow.
Your surroundings suddenly seem different.
A wight comes into view.
It is wielding a +4 great sword of freezing and wearing a +1 robe of positive energy.
Found a staircase to the Ecumenical Temple.
An orc and 3 wights come into view.
The orc shouts!
The wight barely misses you. The wight completely misses you.
There is a staircase to the Ecumenical Temple here.
The wight barely misses you. The orc completely misses you.
The wight barely misses you.
You climb downwards.
Welcome to the Ecumenical Temple!
There is a staircase back to the Dungeon here.
Okay, then.
As you read the scroll of fear, it crumbles to dust.
You assume a fearsome visage.
The orc looks frightened!
The wight is unaffected.
The wight hits you with a cursed +4 great sword of freezing!
You die...

≈≈≈≈≈.....≈≈≈≈≈
≈≈≈≈≈..⌠..≈≈≈≈≈
≈≈≈≈≈.....≈≈≈≈≈
≈≈≈≈≈.....≈≈≈≈≈
≈≈≈≈≈.....≈≈≈≈≈
≈≈≈≈≈......≈≈≈≈
≈≈≈≈≈...z....≈.
≈≈≈≈≈..@......≈
≈≈≈≈≈........≈.
≈≈≈≈≈o.....≈≈≈≈
≈≈≈≈≈.....≈≈≈≈≈
≈≈≈≈≈.....≈≈≈≈≈
≈≈≈≈≈.....≈≈≈≈≈
≈≈≈≈≈..⌠..≈≈≈≈≈
≈≈≈≈≈.....≈≈≈≈≈


You could see a wight and an orc (fleeing).

Vanquished Creatures
  A sky beast (D:5)
  An ice beast (D:4)
  An ogre (D:6)
  A phantom (D:5)
  A scorpion (D:5)
  A centaur zombie (D:5)
  3 hounds
  An orc priest (D:6)
  3 orc wizards (D:5)
  2 iguanas
  5 worker ants
  A killer bee zombie (D:5)
  8 adders
  A shadow imp (D:4)
  An ufetubus (D:5)
  An ooze (D:5)
  2 worms
  4 dart slugs
  2 leopard geckos
  19 orcs
  8 bats
  5 giant cockroaches
  7 goblins
  11 hobgoblins
  10 kobolds
  4 quokkas
  A ball python (D:2)
  3 frilled lizards
  10 rats
118 creatures vanquished.

Notes
Turn   | Place    | Note
-------+----------+-------------------------------------------
     0 | D:1      | wvc the Naga Hedge Wizard began the quest for the Orb.
     0 | D:1      | Reached XP level 1. HP: 15/15 MP: 4/4
   282 | D:1      | Reached skill level 1 in Fighting
   542 | D:1      | Reached XP level 2. HP: 10/25 MP: 6/6
  1999 | D:1      | Reached XP level 3. HP: 33/33 MP: 2/7
  3196 | D:2      | Reached XP level 4. HP: 42/42 MP: 2/8
  3679 | D:2      | Reached skill level 1 in Shields
  4069 | D:3      | Reached skill level 1 in Maces & Flails
  4267 | D:3      | Reached skill level 2 in Maces & Flails
  4267 | D:3      | Reached XP level 5. HP: 42/49 MP: 9/9
  4681 | D:3      | Reached skill level 3 in Maces & Flails
  5224 | D:4      | Learned a level 2 spell: Blink
  5350 | D:4      | Found a hazy altar of Hepliaklqana.
  5376 | D:4      | Found Vapnah's Magic Scroll Shop.
  5388 | D:4      | Reached XP level 6. HP: 52/56 MP: 10/10
  5391 | D:4      | Reached skill level 4 in Maces & Flails
  5450 | D:4      | Noticed a phantom
  5457 | D:5      | Entered Level 5 of the Dungeon
  5457 | D:5      | Noticed a sky beast
  5472 | D:5      | Killed a sky beast
  5472 | D:5      | Reached skill level 5 in Maces & Flails
  5703 | D:4      | Reached XP level 7. HP: 62/62 MP: 11/11
  5734 | D:4      | HP: 2/62 [shadow imp (3)]
  5742 | D:4      | HP: 1/62 [shadow imp/nerve-wracking pain (9)]
  6047 | D:4      | Found a hide-covered altar of Uskayaw.
  6048 | D:4      | Noticed a +0 dagger
  6048 | D:4      | Noticed a +4 hand axe
  6159 | D:4      | Found a blossoming altar of Fedhas.
  6222 | D:4      | Reached skill level 6 in Maces & Flails
  7051 | D:5      | Reached skill level 7 in Maces & Flails
  7089 | D:5      | Reached XP level 8. HP: 59/69 MP: 12/12
  7481 | D:6      | Reached skill level 8 in Maces & Flails
  7482 | D:6      | Found an iron altar of Okawaru.
  7483 | D:6      | Found a staircase to the Ecumenical Temple.
  7491 | Temple   | Entered the Ecumenical Temple
  7492 | Temple   | Slain by a wight

Illustrated notes

Levels and vault maps discovered:
D:1:      lightli_arrival_flooded_house, layout_basic
D:2:      layout_loops_ring, first_ration, grunt_decor_arrowhead
D:3:      layout_rooms
D:4:      layout_rooms, dancing_weapons_uskayaw, kennysheep_mini,
          kennysheep_little_box, serial_shops, nicolae_shop_behind_doors
D:5:      layout_loops_cross
D:6:      layout_gridville, okawaru_trees_2, makhleb_grotto_becter, temple_hall
Temple:   minmay_temple_bridge_abc

Skill      XL: |  1  2  3  4  5  6  7  8 |
---------------+-------------------------+-----
Fighting       | 1 2 3 |  3.0
Shields        | 1 2 |  2.4
Maces & Flails | 2 3 5 7 8 |  8.0
Dodging        | |  1.9
Stealth        | |  3.0
Spellcasting   | |  3.0
Conjurations   | |  1.0
Summonings     | |  1.0
Translocations | |  1.0

Action                   |  1- 3 |  4- 6 |  7- 9 || total
-------------------------+-------+-------+-------++-------
Melee: Dagger            |   102 |       |       ||   102
       Spear             |    13 |       |       ||    13
       Short sword       |    40 |    28 |       ||    68
       Mace              |       |    98 |   146 ||   244
       Hand axe          |       |    67 |     6 ||    73
Throw: Dart              |       |       |     6 ||     6
 Cast: Magic Dart        |    38 |     9 |     1 ||    48
 Abil: Spit Poison       |    12 |    12 |     9 ||    33
  Use: Scroll            |    10 |     7 |     6 ||    23
       Potion            |       |     1 |     2 ||     3
 Stab: Sleeping          |     1 |     5 |     5 ||    11
  Eat: Ration            |     2 |     2 |     1 ||     5
Armor: Robe              |    48 |    35 |       ||    83
       Ring mail         |       |    29 |       ||    29
       Leather armour    |       |    30 |    54 ||    84
Dodge: Dodged            |    78 |   119 |    73 ||   270
Block: Buckler           |     6 |    41 |    24 ||    71

Table legend:
 A = Non-vault XP
 B = Vault XP
 C = Vault XP percentage of total XP
 D = Non-vault monster count
 E = Vault monster count
 F = Vault count percentage of total count
                 A         B        C        D         E       F
            +---------+---------+-------+---------+---------+-------
      Total |    1504 |       0 |   0.0 |     118 |       0 |   0.0
            +---------+---------+-------+---------+---------+-------
        D:1 |      38 |       0 |   0.0 |      19 |       0 |   0.0
        D:2 |      76 |       0 |   0.0 |      30 |       0 |   0.0
        D:3 |     163 |       0 |   0.0 |      28 |       0 |   0.0
        D:4 |     353 |       0 |   0.0 |      14 |       0 |   0.0
        D:5 |     669 |       0 |   0.0 |      24 |       0 |   0.0
        D:6 |     205 |       0 |   0.0 |       3 |       0 |   0.0
            +---------+---------+-------+---------+---------+-------
